Map: Acropolis LE

Players

DnS

  • Race: Protoss Protoss
  • Spawn Location: 5:00

Reynor - Winner!

  • Race: Zerg Zerg
  • League: Master
  • Spawn Location: 11:00

Event: HomeStory Cup XIX

VOD

Have the link to the VOD?

Description

Time

  • Played on: June 29, 2019, 5:51 a.m.
  • Length: 10:51

All games in this series

Show
View Real Time Build Order
Export as new Build Order

DnS Protoss 

Build Orders: 1 Gate Expand, Phoenix Opening, Mass Adepts 

Get SALT Encoding   

  12  0:00  Probe  
  13  0:12  Probe  
  14  0:20  Pylon  
  14  0:24  Probe  
  15  0:34  Probe  
  15  0:42  Probe, Gateway  
  17  0:53  Assimilator  
  17  0:54  Probe  
  18  1:06  Probe  
  19  1:18  Probe  
  20  1:30  Cybernetics Core  
  20  1:35  Nexus  
  20  1:39  Probe  
  21  1:45  Pylon  
  21  1:51  Probe  
  21  1:53  Assimilator  
  22  1:56  Adept  
  22  2:03  Probe  
  25  2:15  Probe  
  26  2:16  Adept  
  26  2:27  Probe  
  26  2:29  Stargate  
  29  2:39  Probe  
  29  2:43  Probe  
  30  2:44  Warp Gate  
  30  2:48  Stalker  
  30  2:51  Probe x2  
  35  3:01  Probe  
  35  3:04  Phoenix, Probe  
  39  3:13  Probe  
  39  3:16  Probe  
  39  3:17  Gateway  
  41  3:24  Pylon  
  41  3:25  Probe  
  42  3:28  Probe  
  43  3:34  Twilight Council  
  43  3:37  Probe  
  43  3:40  Probe  
  45  3:41  Resonating Glaives  
  45  3:48  Gateway  
  45  3:49  Probe  
  45  3:52  Probe  
  45  3:54  Gateway  
  47  3:57  Gateway  
  47  4:00  Gateway  
  47  4:03  Probe  
  48  4:15  Pylon  
  48  4:17  Assimilator, Probe x2  
  48  4:18  Pylon  
  50  4:31  Adept x2  
  50  4:35  Pylon  
  54  4:38  Robotics Facility  
  54  4:46  Adept  
  54  4:51  Adept x3  
  54  4:52  Adept  
  64  4:56  Pylon  
  64  4:59  Adept  
  66  5:11  Adept x4  
  66  5:12  Adept  
  74  5:25  Immortal  
  68  5:30  Assimilator, Probe x2  
  70  5:44  Pylon  
  70  5:49  Sentry x2  
  72  5:50  Sentry  
  72  5:52  Immortal  
  74  5:57  Probe  
  74  6:01  Pylon  
  73  6:12  Gateway  
  73  6:13  Sentry  
  73  6:18  Nexus  
  75  6:19  Pylon  
  75  6:22  Probe  
  75  6:24  Immortal  
  80  6:36  Sentry x2  
  80  6:38  Adept  
  85  6:44  Gateway  
  85  6:49  Pylon  
  85  6:51  Warp Prism  
  85  6:54  Adept x2  
  85  6:59  Adept x2, Pylon  
  95  7:12  Stalker x2  
  99  7:20  Adept x4  
  99  7:21  Observer  
  107  7:26  Pylon  
  108  7:36  Adept x2  
  112  7:53  Adept, Stalker  
  112  7:54  Adept x3  
  116  8:01  Stalker x2  
  120  8:10  Warp Prism  
  110  8:20  Adept x5  
  90  8:41  Sentry x3  
  84  8:42  Adept x4  
  84  9:04  Immortal  
  84  9:05  Adept  
  84  9:06  Adept, Sentry x2  
  84  9:07  Adept x2  
  94  9:29  Stalker x4  
  94  9:30  Stalker  
  104  9:35  Stalker  
  104  9:36  Zealot  
  108  9:57  Stalker x3  
  108  9:58  Stalker x2  
  116  10:12  Stalker x2  
  114  10:26  Stalker  
  114  10:27  Stalker x3  
  92  10:33  Stalker x3  
Show
View Real Time Build Order
Export as new Build Order

Reynor Zerg - Winner!

Build Orders: Hatch First 

Get SALT Encoding   

  12  0:00  Drone  
  13  0:12  Overlord  
  13  0:17  Drone  
  14  0:30  Drone x2  
  16  0:46  Drone x2  
  18  0:54  Hatchery  
  17  0:58  Drone  
  18  1:05  Extractor  
  17  1:13  Spawning Pool  
  17  1:16  Drone  
  17  1:19  Drone  
  18  1:27  Drone  
  19  1:41  Drone  
  20  1:49  Overlord  
  20  2:00  Zergling x2  
  21  2:06  Zergling x2, Queen x2  
  26  2:10  Drone  
  26  2:12  Metabolic Boost  
  27  2:17  Drone  
  27  2:22  Drone  
  29  2:28  Drone  
  30  2:35  Hatchery  
  29  2:38  Zergling x2  
  29  2:40  Drone  
  31  2:47  Queen  
  33  2:52  Overlord  
  33  2:56  Spore Crawler  
  32  3:01  Drone x3  
  35  3:12  Zergling x2  
  36  3:15  Zergling x2  
  36  3:17  Drone x4  
  41  3:22  Overlord  
  41  3:26  Queen  
  43  3:36  Overlord  
  43  3:40  Drone x2  
  45  3:43  Drone  
  45  3:46  Drone x4  
  50  3:48  Overlord  
  50  3:49  Drone  
  50  3:54  Spore Crawler  
  50  4:01  Drone x4  
  54  4:04  Spore Crawler  
  54  4:06  Drone  
  54  4:08  Zergling x4  
  56  4:13  Zergling x2  
  56  4:16  Spore Crawler  
  56  4:20  Drone x5  
  56  4:22  Overlord  
  61  4:25  Drone x2  
  61  4:27  Drone  
  61  4:30  Drone  
  65  4:32  Drone  
  65  4:33  Lair  
  65  4:38  Roach Warren  
  65  4:42  Extractor x2  
  63  4:46  Zergling x6  
  63  4:47  Drone  
  63  4:50  Zergling x4  
  63  4:51  Zergling x2  
  70  4:54  Overlord, Queen  
  72  5:00  Drone x2  
  72  5:03  Overlord x2  
  73  5:08  Overlord  
  73  5:20  Roach x6  
  82  5:22  Roach x3  
  82  5:24  Roach  
  82  5:31  Zergling x4, Roach x2  
  81  5:38  Roach x3  
  84  5:43  Roach  
  82  5:50  Drone x4  
  82  5:52  Drone  
  82  5:54  Drone  
  82  5:55  Drone  
  87  5:58  Drone x2  
  87  6:01  Overseer  
  89  6:05  Drone x2  
  89  6:10  Glial Reconstitution  
  91  6:13  Drone x4  
  91  6:16  Evolution Chamber  
  96  6:18  Drone x2  
  96  6:21  Drone  
  96  6:25  Extractor  
  96  6:32  Drone x3  
  99  6:33  Drone x2  
  99  6:35  Drone x3  
  99  6:36  Spire  
  99  6:39  Extractor, Drone x3  
  105  6:41  Extractor  
  105  6:42  Drone x2  
  105  6:47  Zerg Missile Weapons Level 1  
  105  6:50  Overlord  
  105  7:03  Hatchery, Overlord  
  104  7:11  Roach x5  
  104  7:14  Overlord  
  114  7:21  Zergling x8  
  114  7:22  Zergling x8  
  122  7:26  Overlord  
  122  7:29  Overlord  
  122  7:33  Roach, Ravager x3  
  122  7:34  Roach  
  122  7:35  Ravager  
  122  7:36  Overlord  
  130  7:37  Overlord  
  130  7:40  Overlord  
  129  7:46  Ravager x2  
  129  7:47  Roach x3  
  136  7:52  Roach x4  
  136  7:53  Roach x3  
  136  7:54  Ravager  
  142  7:59  Roach x3  
  142  8:00  Roach  
  127  8:14  Roach x5  
  135  8:20  Roach x7  
  135  8:24  Roach x2  
  130  8:30  Roach  
  130  8:31  Roach x2  
  115  8:35  Roach x3  
  105  8:45  Drone x2  
  105  8:47  Drone  
  105  8:48  Drone x3  
  111  8:50  Queen  
  111  8:53  Drone  
  114  8:58  Drone x2  
  114  9:00  Drone  
  117  9:04  Baneling Nest  
  115  9:15  Drone x7  
  114  9:18  Extractor  
  114  9:20  Mutalisk x3  
  125  9:32  Drone x2  
  125  9:36  Roach  
  121  9:39  Ravager x2  
  121  9:40  Roach x2  
  121  9:41  Roach x3  
  121  9:42  Spore Crawler, Ravager  
  121  9:43  Ravager  
  134  9:47  Roach x2  
  134  9:50  Roach  
  140  9:56  Roach x5  
  140  9:58  Ravager  
  151  10:01  Roach  
  152  10:07  Roach x2  
  152  10:08  Roach x3  
  152  10:13  Overlord  
  158  10:22  Roach  
  158  10:23  Overlord  
  145  10:29  Roach x8  
Tags
 
Add a new tag
Caveats
  • Supply blocks, unpowered buildings, or Contaminate may cause inaccurate times.
  • Supply counts are checked every 10 seconds.